Workbook
Name ASIGNACIÓN: 'TABLAS VALORACIÓN'!$I$16:$I$17
Name CLASE: 'TABLAS VALORACIÓN'!$C$16:$C$17
Name ETAPA: 'TABLAS VALORACIÓN'!$E$16:$E$19
Name FUENTE: 'TABLAS VALORACIÓN'!$D$16:$D$17
Name IMPACTO: 'TABLAS VALORACIÓN'!$H$16:$H$20
Name PROBABILIDAD: 'TABLAS VALORACIÓN'!$G$16:$G$20
Name TIPO: 'TABLAS VALORACIÓN'!$F$16:$F$23

Sheet Adecuac 
B11: Anexo No 5 Matriz de Identificación, valoración y asignación de riesgos Elaborado de conformidad con la metodología propuesta por la Agencia Nacional para la Contratación Pública – Colombia Compra Eficiente, detallada en el “Manual para la Identificación y Cobertura del Riesgo en los Proceso de Contratación", fuente: http://www.colombiacompra.gov.co/es/manuales-y-documentos-tipo, disponible en internet, fecha de consulta 22 de febrero de 2019.
B13: No. | C13: Clase | D13: Fuente | E13: Etapa | F13: Tipo | G13: Descripción (Qué puede pasar y, cómo puede ocurrir) | H13: Consecuencia de la ocurrencia del evento | I13: Probabilidad | J13: Impacto | K13: Valoración del riesgo | L13: Categoría | M13: ¿A quién se le asigna? | N13: Tratamiento/Controles a ser implementados | O13: Impacto después del tratamiento | S13: ¿Afecta la ejecución del contrato? | T13: Responsable por implementar el tratamiento | U13: Fecha estimada en que se inicia el tratamiento | V13: Fecha estimada en que se completa el tratamiento | W13: Monitoreo y revisión
O14: Probabilidad | P14: Impacto | Q14: Valoración del riesgo | R14: Categoría | W14: ¿Cómo se realiza el monitoreo? | X14: Periodicidad
B15: 1 | C15: Específico | D15: Interno | E15: Planeación | F15: Riesgos Operacionales | G15: Demora en la formulación y aprobación de la etapa precontractual del proyecto | H15: Retrasos en el desarrollo de los procesos de contratación. Retrasos en el desarrollo de los proyectos | I15: 2=Improbable | J15: 5= Catastrófico | K15: =IFERROR(MID(I15,1,1)+MID(J15,1,1),"") -> 7 | L15: =IF(K15="","",IF(OR(K15=2,K15=3,K15=4),'TABLAS VALORACIÓN'!$Y$8,IF(K15=5,'TABLAS VALORACIÓN'!$Y$7,IF(OR(K15=6,K15=7),'TABLAS VALORACIÓN'!$Y$6,IF(OR(K15=8,K15=9,K15=10),'TABLAS VALORACIÓN'!$Y$5))))) -> Riesgo Alto | M15: ICBF | N15: Articular los involucrados en el proceso para definir tareas y tiempos | O15: 1=Raro | P15: 3= Moderado | Q15: =IFERROR(MID(O15,1,1)+MID(P15,1,1),"") -> 4 | R15: =IF(Q15="","",IF(OR(Q15=2,Q15=3,Q15=4),'TABLAS VALORACIÓN'!$Y$8,IF(Q15=5,'TABLAS VALORACIÓN'!$Y$7,IF(OR(Q15=6,Q15=7),'TABLAS VALORACIÓN'!$Y$6,IF(OR(Q15=8,Q15=9,Q15=10),'TABLAS VALORACIÓN'!$Y$5))))) -> Riesgo Bajo | S15: SI | T15: Grupo Administrativo Grupo Juridico de la Regional Atlántico | U15: Etapa Precontractual | V15: Etapa Precontractual | W15: Seguimiento a la FCT realizada con abastecimiento y seguimiento a los estudios previos en conjunto con la Direccion de Contratacion. | X15: Semanal
B16: 2 | C16: General | D16: Interno | E16: Selección | F16: Riesgos Operacionales | G16: Riesgo que no se firme el contrato | H16: No se satisface la necesidad que motivo el proceso de contratación | I16: 2=Improbable | J16: 5= Catastrófico | K16: =IFERROR(MID(I16,1,1)+MID(J16,1,1),"") -> 7 | L16: =IF(K16="","",IF(OR(K16=2,K16=3,K16=4),'TABLAS VALORACIÓN'!$Y$8,IF(K16=5,'TABLAS VALORACIÓN'!$Y$7,IF(OR(K16=6,K16=7),'TABLAS VALORACIÓN'!$Y$6,IF(OR(K16=8,K16=9,K16=10),'TABLAS VALORACIÓN'!$Y$5))))) -> Riesgo Alto | M16: ICBF | N16: Establecer como requisito obligatorio la presentación de carta de seriedad de la oferta a los participantes y exigencia de garantía de seriedad | O16: 1=Raro | P16: 4= Mayor | Q16: =IFERROR(MID(O16,1,1)+MID(P16,1,1),"") -> 5 | R16: =IF(Q16="","",IF(OR(Q16=2,Q16=3,Q16=4),'TABLAS VALORACIÓN'!$Y$8,IF(Q16=5,'TABLAS VALORACIÓN'!$Y$7,IF(OR(Q16=6,Q16=7),'TABLAS VALORACIÓN'!$Y$6,IF(OR(Q16=8,Q16=9,Q16=10),'TABLAS VALORACIÓN'!$Y$5))))) -> Riesgo Medio | S16: SI | T16: Grupo Administrativo Grupo Juridico Dirección Regional Atlántico | U16: Etapa Precontractual | V16: Etapa Precontractual | W16: Seguimiento al proceso de contratacion. | X16: Diario | Y16: =IF(I16="Raro",1,IF(I16="Improbable",2,IF(I16="Posible",3,IF(I16="Probable",4,IF(I16="casi cierto",5,""))))) | Z16: =IF(J16="Insignificante",1,IF(J16="Menor",2,IF(J16="Moderado",3,IF(J16="Mayor",4,IF(J16="Catastrófico",5,""))))) | AA16: =IF(O16="Raro",1,IF(O16="Improbable",2,IF(O16="Posible",3,IF(O16="Probable",4,IF(O16="casi cierto",5,""))))) | AB16: =IF(P16="Insignificante",1,IF(P16="Menor",2,IF(P16="Moderado",3,IF(P16="Mayor",4,IF(P16="Catastrófico",5,"")))))
B17: 3 | C17: Específico | D17: Interno | E17: Selección | F17: Riesgos Operacionales | G17: Inadecauda selección del contratista, bienes o servicios que no cumplen con las necesidades de la administración, celebración de proceso por modalidad de selección incorrecta, desequilibrio económico en la ejecución presupuestal | H17: Debilidad en la definición de criterios técnicos y económicos en los estudios previos | I17: 3=Posible | J17: 4= Mayor | K17: =IFERROR(MID(I17,1,1)+MID(J17,1,1),"") -> 7 | L17: =IF(K17="","",IF(OR(K17=2,K17=3,K17=4),'TABLAS VALORACIÓN'!$Y$8,IF(K17=5,'TABLAS VALORACIÓN'!$Y$7,IF(OR(K17=6,K17=7),'TABLAS VALORACIÓN'!$Y$6,IF(OR(K17=8,K17=9,K17=10),'TABLAS VALORACIÓN'!$Y$5))))) -> Riesgo Alto | M17: ICBF | N17: Definir técnica y oportunamente los criterios de evaluación a traves de herramientas precisas | O17: 2=Improbable | P17: 4= Mayor | Q17: =IFERROR(MID(O17,1,1)+MID(P17,1,1),"") -> 6 | R17: =IF(Q17="","",IF(OR(Q17=2,Q17=3,Q17=4),'TABLAS VALORACIÓN'!$Y$8,IF(Q17=5,'TABLAS VALORACIÓN'!$Y$7,IF(OR(Q17=6,Q17=7),'TABLAS VALORACIÓN'!$Y$6,IF(OR(Q17=8,Q17=9,Q17=10),'TABLAS VALORACIÓN'!$Y$5))))) -> Riesgo Alto | S17: SI | T17: Grupo Administrativo Grupo Juridico Dirección Regional Atlántico | U17: Etapa Precontractual | V17: Etapa Precontractual | W17: Verificacion de los informes de interventoria, visitas a los proyectos, requerimientos enviados por las Regionales. | X17: Semanal | Y17: =IF(I17="Raro",1,IF(I17="Improbable",2,IF(I17="Posible",3,IF(I17="Probable",4,IF(I17="casi cierto",5,""))))) | Z17: =IF(J17="Insignificante",1,IF(J17="Menor",2,IF(J17="Moderado",3,IF(J17="Mayor",4,IF(J17="Catastrófico",5,""))))) | AA17: =IF(O17="Raro",1,IF(O17="Improbable",2,IF(O17="Posible",3,IF(O17="Probable",4,IF(O17="casi cierto",5,""))))) | AB17: =IF(P17="Insignificante",1,IF(P17="Menor",2,IF(P17="Moderado",3,IF(P17="Mayor",4,IF(P17="Catastrófico",5,"")))))
B18: 4 | C18: Específico | D18: Externo | E18: Planeación | F18: Riesgos Financieros | G18: Estimación inadecuada de los costos por el oferente | H18: Ocurre cuando la propuesta económica que presenta el oferente no estima adecuadamente los costos de los conceptos necesarios para el cumplimiento del objeto del contrato | I18: 2=Improbable | J18: 1= Insignificante | K18: =IFERROR(MID(I18,1,1)+MID(J18,1,1),"") -> 3 | L18: =IF(K18="","",IF(OR(K18=2,K18=3,K18=4),'TABLAS VALORACIÓN'!$Y$8,IF(K18=5,'TABLAS VALORACIÓN'!$Y$7,IF(OR(K18=6,K18=7),'TABLAS VALORACIÓN'!$Y$6,IF(OR(K18=8,K18=9,K18=10),'TABLAS VALORACIÓN'!$Y$5))))) -> Riesgo Bajo | M18: Contratista | N18: El proponente debe minimizar la probabilidad de ocurrencia del riesgo estudiado detalladamente los pliegos y utilizando el plazo para aclaración de dudas otorgado para resolver todas las incertidumbres que resulten en el proceso de elaboración de la propuesta | O18: 2=Improbable | P18: 2= Menor | Q18: =IFERROR(MID(O18,1,1)+MID(P18,1,1),"") -> 4 | R18: =IF(Q18="","",IF(OR(Q18=2,Q18=3,Q18=4),'TABLAS VALORACIÓN'!$Y$8,IF(Q18=5,'TABLAS VALORACIÓN'!$Y$7,IF(OR(Q18=6,Q18=7),'TABLAS VALORACIÓN'!$Y$6,IF(OR(Q18=8,Q18=9,Q18=10),'TABLAS VALORACIÓN'!$Y$5))))) -> Riesgo Bajo | S18: SI | T18: Grupo Administrativo Grupo Juridico Dirección Regional Atlántico Oferentes | U18: Etapa Contractual | V18: Etapa Contractual | W18: Verificacion de los informes de interventoria, visitas a los proyectos. | X18: Semanal | Y18: =IF(I18="Raro",1,IF(I18="Improbable",2,IF(I18="Posible",3,IF(I18="Probable",4,IF(I18="casi cierto",5,""))))) | Z18: =IF(J18="Insignificante",1,IF(J18="Menor",2,IF(J18="Moderado",3,IF(J18="Mayor",4,IF(J18="Catastrófico",5,""))))) | AA18: =IF(O18="Raro",1,IF(O18="Improbable",2,IF(O18="Posible",3,IF(O18="Probable",4,IF(O18="casi cierto",5,""))))) | AB18: =IF(P18="Insignificante",1,IF(P18="Menor",2,IF(P18="Moderado",3,IF(P18="Mayor",4,IF(P18="Catastrófico",5,"")))))
B19: 5 | C19: General | D19: Externo | E19: Ejecución | F19: Riesgos de la Naturaleza | G19: Eventos de la naturaleza fuera del control de las partes que impiden continuar con la ejecución del contrato temporal o definitivamente | H19: Suspensión temporal de la ejecución del contrato | I19: 3=Posible | J19: 4= Mayor | K19: =IFERROR(MID(I19,1,1)+MID(J19,1,1),"") -> 7 | L19: =IF(K19="","",IF(OR(K19=2,K19=3,K19=4),'TABLAS VALORACIÓN'!$Y$8,IF(K19=5,'TABLAS VALORACIÓN'!$Y$7,IF(OR(K19=6,K19=7),'TABLAS VALORACIÓN'!$Y$6,IF(OR(K19=8,K19=9,K19=10),'TABLAS VALORACIÓN'!$Y$5))))) -> Riesgo Alto | M19: Contratista | N19: El participante en el proceso de selección debe considerar en su oferta factores climáticos conocidos (como fenómenos del niño), geotécnicos, ambientales y demás que puedan afectar negativamente la ejecución de los estudios. Debe planear, en conformidad con lo anterior, planes de acción orientados a reducir el impacto de los fenómenos de la naturaleza en la ejecución de los estudios | O19: 2=Improbable | P19: 3= Moderado | Q19: =IFERROR(MID(O19,1,1)+MID(P19,1,1),"") -> 5 | R19: =IF(Q19="","",IF(OR(Q19=2,Q19=3,Q19=4),'TABLAS VALORACIÓN'!$Y$8,IF(Q19=5,'TABLAS VALORACIÓN'!$Y$7,IF(OR(Q19=6,Q19=7),'TABLAS VALORACIÓN'!$Y$6,IF(OR(Q19=8,Q19=9,Q19=10),'TABLAS VALORACIÓN'!$Y$5))))) -> Riesgo Medio | S19: SI | T19: Dirección Regional Atlántico-ICBF Contratistas | U19: Etapa Ejecución de Obras | V19: Etapa Ejecución de Obras | W19: Verificacion de los informes de interventoria, visitas a los proyectos. | X19: Semanal | Y19: =IF(I19="Raro",1,IF(I19="Improbable",2,IF(I19="Posible",3,IF(I19="Probable",4,IF(I19="casi cierto",5,""))))) | Z19: =IF(J19="Insignificante",1,IF(J19="Menor",2,IF(J19="Moderado",3,IF(J19="Mayor",4,IF(J19="Catastrófico",5,""))))) | AA19: =IF(O19="Raro",1,IF(O19="Improbable",2,IF(O19="Posible",3,IF(O19="Probable",4,IF(O19="casi cierto",5,""))))) | AB19: =IF(P19="Insignificante",1,IF(P19="Menor",2,IF(P19="Moderado",3,IF(P19="Mayor",4,IF(P19="Catastrófico",5,"")))))
B20: 6 | C20: Específico | D20: Externo | E20: Ejecución | F20: Riesgos Ambientales | G20: Riesgo de no cumplimiento de la normatividad ambiental | H20: Suspensión de la ejecución del contrato por daños al medio ambiente y/o a las personas relacionadas con el proyecto | I20: 2=Improbable | J20: 2= Menor | K20: =IFERROR(MID(I20,1,1)+MID(J20,1,1),"") -> 4 | L20: =IF(K20="","",IF(OR(K20=2,K20=3,K20=4),'TABLAS VALORACIÓN'!$Y$8,IF(K20=5,'TABLAS VALORACIÓN'!$Y$7,IF(OR(K20=6,K20=7),'TABLAS VALORACIÓN'!$Y$6,IF(OR(K20=8,K20=9,K20=10),'TABLAS VALORACIÓN'!$Y$5))))) -> Riesgo Bajo | M20: Contratista | N20: El Participante en el proceso de selección debe considerar en su oferta factores climáticos conocidos (como el fenómeno del niño), geotécnicos, ambientales y demás que puedan afectar negativamente la ejecución de los estudios. Debe planear, en conformidad con lo anterior, planes de acción orientados a reducir el impacto de los fenómenos de la naturaleza en la ejecución de los estudios | O20: 2=Improbable | P20: 2= Menor | Q20: =IFERROR(MID(O20,1,1)+MID(P20,1,1),"") -> 4 | R20: =IF(Q20="","",IF(OR(Q20=2,Q20=3,Q20=4),'TABLAS VALORACIÓN'!$Y$8,IF(Q20=5,'TABLAS VALORACIÓN'!$Y$7,IF(OR(Q20=6,Q20=7),'TABLAS VALORACIÓN'!$Y$6,IF(OR(Q20=8,Q20=9,Q20=10),'TABLAS VALORACIÓN'!$Y$5))))) -> Riesgo Bajo | S20: SI | T20: Contratista | U20: Etapa Ejecución de Obras | V20: Etapa Ejecución de Obras | W20: Verificacion de los informes de interventoria, visitas a los proyectos. | X20: Semanal | Y20: =IF(I20="Raro",1,IF(I20="Improbable",2,IF(I20="Posible",3,IF(I20="Probable",4,IF(I20="casi cierto",5,""))))) | Z20: =IF(J20="Insignificante",1,IF(J20="Menor",2,IF(J20="Moderado",3,IF(J20="Mayor",4,IF(J20="Catastrófico",5,""))))) | AA20: =IF(O20="Raro",1,IF(O20="Improbable",2,IF(O20="Posible",3,IF(O20="Probable",4,IF(O20="casi cierto",5,""))))) | AB20: =IF(P20="Insignificante",1,IF(P20="Menor",2,IF(P20="Moderado",3,IF(P20="Mayor",4,IF(P20="Catastrófico",5,"")))))
B21: 9 | C21: Específico | D21: Interno | E21: Ejecución | F21: Riesgos Operacionales | G21: Accidente laboral de personal adscrito al contratista en trabajos de campo | H21: Carga económica del accidente a cargo del Contratista de obra | I21: 3=Posible | J21: 2= Menor | K21: =IFERROR(MID(I21,1,1)+MID(J21,1,1),"") -> 5 | L21: =IF(K21="","",IF(OR(K21=2,K21=3,K21=4),'TABLAS VALORACIÓN'!$Y$8,IF(K21=5,'TABLAS VALORACIÓN'!$Y$7,IF(OR(K21=6,K21=7),'TABLAS VALORACIÓN'!$Y$6,IF(OR(K21=8,K21=9,K21=10),'TABLAS VALORACIÓN'!$Y$5))))) -> Riesgo Medio | M21: Contratista | N21: Revisión y seguimiento por parte del contratista a las afiliaciones del personal a los sistemas obligatorios de salud con el tipo de riesgo adecuado para las actividades a ejecutar. | O21: 2=Improbable | P21: 2= Menor | Q21: =IFERROR(MID(O21,1,1)+MID(P21,1,1),"") -> 4 | R21: =IF(Q21="","",IF(OR(Q21=2,Q21=3,Q21=4),'TABLAS VALORACIÓN'!$Y$8,IF(Q21=5,'TABLAS VALORACIÓN'!$Y$7,IF(OR(Q21=6,Q21=7),'TABLAS VALORACIÓN'!$Y$6,IF(OR(Q21=8,Q21=9,Q21=10),'TABLAS VALORACIÓN'!$Y$5))))) -> Riesgo Bajo | S21: SI | T21: Contratista | U21: Etapa Contractual | V21: Etapa Contractual | W21: Verificacion de los informes de interventoria, visitas a los proyectos. | X21: Semanal | Y21: =IF(I21="Raro",1,IF(I21="Improbable",2,IF(I21="Posible",3,IF(I21="Probable",4,IF(I21="casi cierto",5,""))))) | Z21: =IF(J21="Insignificante",1,IF(J21="Menor",2,IF(J21="Moderado",3,IF(J21="Mayor",4,IF(J21="Catastrófico",5,""))))) | AA21: =IF(O21="Raro",1,IF(O21="Improbable",2,IF(O21="Posible",3,IF(O21="Probable",4,IF(O21="casi cierto",5,""))))) | AB21: =IF(P21="Insignificante",1,IF(P21="Menor",2,IF(P21="Moderado",3,IF(P21="Mayor",4,IF(P21="Catastrófico",5,"")))))
B22: 11 | C22: General | D22: Externo | E22: Planeación | F22: Riesgos Financieros | G22: La capacidad del ofertante sea inferior a la requerida por el contrato | H22: Incumplimiento del objeto contractual en el plazo pactado | I22: 2=Improbable | J22: 3= Moderado | K22: =IFERROR(MID(I22,1,1)+MID(J22,1,1),"") -> 5 | L22: =IF(K22="","",IF(OR(K22=2,K22=3,K22=4),'TABLAS VALORACIÓN'!$Y$8,IF(K22=5,'TABLAS VALORACIÓN'!$Y$7,IF(OR(K22=6,K22=7),'TABLAS VALORACIÓN'!$Y$6,IF(OR(K22=8,K22=9,K22=10),'TABLAS VALORACIÓN'!$Y$5))))) -> Riesgo Medio | M22: Contratista | N22: Asignar puntuación más alta a la existente a la capacidad financiera de los participantes | O22: 2=Improbable | P22: 2= Menor | Q22: =IFERROR(MID(O22,1,1)+MID(P22,1,1),"") -> 4 | R22: =IF(Q22="","",IF(OR(Q22=2,Q22=3,Q22=4),'TABLAS VALORACIÓN'!$Y$8,IF(Q22=5,'TABLAS VALORACIÓN'!$Y$7,IF(OR(Q22=6,Q22=7),'TABLAS VALORACIÓN'!$Y$6,IF(OR(Q22=8,Q22=9,Q22=10),'TABLAS VALORACIÓN'!$Y$5))))) -> Riesgo Bajo | S22: SI | T22: Contratista | U22: Etapa Ejecución de Obras | V22: Etapa Ejecución de Obras | W22: Verificacion de los informes de interventoria, visitas a los proyectos. | X22: Semanal | Y22: =IF(I22="Raro",1,IF(I22="Improbable",2,IF(I22="Posible",3,IF(I22="Probable",4,IF(I22="casi cierto",5,""))))) | Z22: =IF(J22="Insignificante",1,IF(J22="Menor",2,IF(J22="Moderado",3,IF(J22="Mayor",4,IF(J22="Catastrófico",5,""))))) | AA22: =IF(O22="Raro",1,IF(O22="Improbable",2,IF(O22="Posible",3,IF(O22="Probable",4,IF(O22="casi cierto",5,""))))) | AB22: =IF(P22="Insignificante",1,IF(P22="Menor",2,IF(P22="Moderado",3,IF(P22="Mayor",4,IF(P22="Catastrófico",5,"")))))
B23: 15 | C23: Específico | D23: Interno | E23: Ejecución | F23: Riesgos Operacionales | G23: Hurto y daños en materiales y suministros | H23: Demoras en la entrega de los productos por robo de los equipos para ejecutar las labores propias de la actividad. Proceso de responsabilidad fiscal y/o penal de los bienes hurtados | I23: 2=Improbable | J23: 4= Mayor | K23: =IFERROR(MID(I23,1,1)+MID(J23,1,1),"") -> 6 | L23: =IF(K23="","",IF(OR(K23=2,K23=3,K23=4),'TABLAS VALORACIÓN'!$Y$8,IF(K23=5,'TABLAS VALORACIÓN'!$Y$7,IF(OR(K23=6,K23=7),'TABLAS VALORACIÓN'!$Y$6,IF(OR(K23=8,K23=9,K23=10),'TABLAS VALORACIÓN'!$Y$5))))) -> Riesgo Alto | M23: Contratista | N23: Garantia y responsabilidad por parte del contratista de la vigilancia de los materiales y equipos del contrato | O23: 1=Raro | P23: 3= Moderado | Q23: =IFERROR(MID(O23,1,1)+MID(P23,1,1),"") -> 4 | R23: =IF(Q23="","",IF(OR(Q23=2,Q23=3,Q23=4),'TABLAS VALORACIÓN'!$Y$8,IF(Q23=5,'TABLAS VALORACIÓN'!$Y$7,IF(OR(Q23=6,Q23=7),'TABLAS VALORACIÓN'!$Y$6,IF(OR(Q23=8,Q23=9,Q23=10),'TABLAS VALORACIÓN'!$Y$5))))) -> Riesgo Bajo | S23: SI | T23: Contratista | U23: Etapa Ejecución de Obras | V23: Etapa Ejecución de Obras | W23: Verificacion de los informes de interventoria, visitas a los proyectos. | X23: Por ocurrencía. | Y23: =IF(I23="Raro",1,IF(I23="Improbable",2,IF(I23="Posible",3,IF(I23="Probable",4,IF(I23="casi cierto",5,""))))) | Z23: =IF(J23="Insignificante",1,IF(J23="Menor",2,IF(J23="Moderado",3,IF(J23="Mayor",4,IF(J23="Catastrófico",5,""))))) | AA23: =IF(O23="Raro",1,IF(O23="Improbable",2,IF(O23="Posible",3,IF(O23="Probable",4,IF(O23="casi cierto",5,""))))) | AB23: =IF(P23="Insignificante",1,IF(P23="Menor",2,IF(P23="Moderado",3,IF(P23="Mayor",4,IF(P23="Catastrófico",5,"")))))
B24: 18 | C24: General | D24: Externo | E24: Ejecución | F24: Riesgos Operacionales | G24: Fallas en la logística y organización que afecten la ejecución del contrato | H24: Incumplimiento en la prestación del servicio | I24: 3=Posible | J24: 3= Moderado | K24: =IFERROR(MID(I24,1,1)+MID(J24,1,1),"") -> 6 | L24: =IF(K24="","",IF(OR(K24=2,K24=3,K24=4),'TABLAS VALORACIÓN'!$Y$8,IF(K24=5,'TABLAS VALORACIÓN'!$Y$7,IF(OR(K24=6,K24=7),'TABLAS VALORACIÓN'!$Y$6,IF(OR(K24=8,K24=9,K24=10),'TABLAS VALORACIÓN'!$Y$5))))) -> Riesgo Alto | M24: Contratista | N24: Reducir la probabilidad de la ocurrencia del evento a través de la planeación respectiva para los mantenimientos y/o labor a realizar con la preparación de los equipos y personal adecuado | O24: 2=Improbable | P24: 2= Menor | Q24: =IFERROR(MID(O24,1,1)+MID(P24,1,1),"") -> 4 | R24: =IF(Q24="","",IF(OR(Q24=2,Q24=3,Q24=4),'TABLAS VALORACIÓN'!$Y$8,IF(Q24=5,'TABLAS VALORACIÓN'!$Y$7,IF(OR(Q24=6,Q24=7),'TABLAS VALORACIÓN'!$Y$6,IF(OR(Q24=8,Q24=9,Q24=10),'TABLAS VALORACIÓN'!$Y$5))))) -> Riesgo Bajo | S24: SI | T24: Dirección Regional Atlántico-ICBF Contratistas | U24: Etapa Ejecución de Obras | V24: Etapa Ejecución de Obras | W24: Verificacion de los informes de interventoria, visitas a los proyectos. | X24: Semanal
B25: 19 | C25: General | D25: Externo | E25: Ejecución | F25: Riesgos de la Naturaleza | G25: Eventos de la naturaleza fuera del control de las partes que impiden continuar con la ejecución del contrato temporal o definitivamente | H25: Suspensión de la prestación del servicio | I25: 2=Improbable | J25: 3= Moderado | K25: =IFERROR(MID(I25,1,1)+MID(J25,1,1),"") -> 5 | L25: =IF(K25="","",IF(OR(K25=2,K25=3,K25=4),'TABLAS VALORACIÓN'!$Y$8,IF(K25=5,'TABLAS VALORACIÓN'!$Y$7,IF(OR(K25=6,K25=7),'TABLAS VALORACIÓN'!$Y$6,IF(OR(K25=8,K25=9,K25=10),'TABLAS VALORACIÓN'!$Y$5))))) -> Riesgo Medio | M25: Contratista | N25: Reducir las consecuencias a través de la documentación y/o recopilación de información suministrada por los entes competentes de cada zona geográfica especifica | O25: 1=Raro | P25: 2= Menor | Q25: =IFERROR(MID(O25,1,1)+MID(P25,1,1),"") -> 3 | R25: =IF(Q25="","",IF(OR(Q25=2,Q25=3,Q25=4),'TABLAS VALORACIÓN'!$Y$8,IF(Q25=5,'TABLAS VALORACIÓN'!$Y$7,IF(OR(Q25=6,Q25=7),'TABLAS VALORACIÓN'!$Y$6,IF(OR(Q25=8,Q25=9,Q25=10),'TABLAS VALORACIÓN'!$Y$5))))) -> Riesgo Bajo | S25: SI | T25: Dirección Regional Atlántico-ICBF Contratistas | U25: Etapa Ejecución de Obras | V25: Etapa Ejecución de Obras | W25: Verificacion de los informes de interventoria, visitas a los proyectos. | X25: Semanal
B26: 20 | C26: General | D26: Externo | E26: Ejecución | F26: Riesgos Económicos | G26: Riesgo en el incremento de los precios del mercado | H26: Desequilibrio económico del contrato | I26: 1=Raro | J26: 3= Moderado | K26: =IFERROR(MID(I26,1,1)+MID(J26,1,1),"") -> 4 | L26: =IF(K26="","",IF(OR(K26=2,K26=3,K26=4),'TABLAS VALORACIÓN'!$Y$8,IF(K26=5,'TABLAS VALORACIÓN'!$Y$7,IF(OR(K26=6,K26=7),'TABLAS VALORACIÓN'!$Y$6,IF(OR(K26=8,K26=9,K26=10),'TABLAS VALORACIÓN'!$Y$5))))) -> Riesgo Bajo | M26: ICBF | N26: Analizar las consecuencias en el incremento de los precios y mitigar a través de planes de contingencia. | O26: 1=Raro | P26: 2= Menor | Q26: =IFERROR(MID(O26,1,1)+MID(P26,1,1),"") -> 3 | R26: =IF(Q26="","",IF(OR(Q26=2,Q26=3,Q26=4),'TABLAS VALORACIÓN'!$Y$8,IF(Q26=5,'TABLAS VALORACIÓN'!$Y$7,IF(OR(Q26=6,Q26=7),'TABLAS VALORACIÓN'!$Y$6,IF(OR(Q26=8,Q26=9,Q26=10),'TABLAS VALORACIÓN'!$Y$5))))) -> Riesgo Bajo | S26: SI | T26: Dirección Regional Atlántico-ICBF Contratistas | U26: Etapa Ejecución de Obras | V26: Etapa Ejecución de Obras | W26: Verificacion de los informes de interventoria. | X26: Por ocurrencia.
B27: 21 | C27: Específico | D27: Externo | E27: Ejecución | F27: Riesgos Operacionales | G27: Mayor costo por remuneración al personal | H27: Número de personal es mayor al propuesto por el oferente para cumplir con sus obligaciones contractuales y mayor permanencia del personal en el proyecto al inicialmente previsto. | I27: 2=Improbable | J27: 3= Moderado | K27: =IFERROR(MID(I27,1,1)+MID(J27,1,1),"") -> 5 | L27: =IF(K27="","",IF(OR(K27=2,K27=3,K27=4),'TABLAS VALORACIÓN'!$Y$8,IF(K27=5,'TABLAS VALORACIÓN'!$Y$7,IF(OR(K27=6,K27=7),'TABLAS VALORACIÓN'!$Y$6,IF(OR(K27=8,K27=9,K27=10),'TABLAS VALORACIÓN'!$Y$5))))) -> Riesgo Medio | M27: Contratista | N27: Reducir las consecuencias a través de planes de contingencia | O27: 2=Improbable | P27: 2= Menor | Q27: =IFERROR(MID(O27,1,1)+MID(P27,1,1),"") -> 4 | R27: =IF(Q27="","",IF(OR(Q27=2,Q27=3,Q27=4),'TABLAS VALORACIÓN'!$Y$8,IF(Q27=5,'TABLAS VALORACIÓN'!$Y$7,IF(OR(Q27=6,Q27=7),'TABLAS VALORACIÓN'!$Y$6,IF(OR(Q27=8,Q27=9,Q27=10),'TABLAS VALORACIÓN'!$Y$5))))) -> Riesgo Bajo | S27: SI | T27: Contratista | U27: Etapa Ejecución de Obras | V27: Etapa Ejecución de Obras | W27: Verificacion de los informes de interventoria. | X27: Semanal
B28: 22 | C28: Específico | D28: Externo | E28: Ejecución | F28: Riesgos Operacionales | G28: Disponibilidad del personal idóneo en el momento oportuno | H28: El oferente deberá mantener a disponibilidad del proyecto, el personal idóneo en el momento requerido para la ejecución del contrato. | I28: 3=Posible | J28: 3= Moderado | K28: =IFERROR(MID(I28,1,1)+MID(J28,1,1),"") -> 6 | L28: =IF(K28="","",IF(OR(K28=2,K28=3,K28=4),'TABLAS VALORACIÓN'!$Y$8,IF(K28=5,'TABLAS VALORACIÓN'!$Y$7,IF(OR(K28=6,K28=7),'TABLAS VALORACIÓN'!$Y$6,IF(OR(K28=8,K28=9,K28=10),'TABLAS VALORACIÓN'!$Y$5))))) -> Riesgo Alto | M28: Contratista | N28: Reducir las consecuencias a través de planes de contingencia, y tener dispuesto un equipo de trabajo el cual pueda atender las necesidades que se presenten | O28: 1=Raro | P28: 1= Insignificante | Q28: =IFERROR(MID(O28,1,1)+MID(P28,1,1),"") -> 2 | R28: =IF(Q28="","",IF(OR(Q28=2,Q28=3,Q28=4),'TABLAS VALORACIÓN'!$Y$8,IF(Q28=5,'TABLAS VALORACIÓN'!$Y$7,IF(OR(Q28=6,Q28=7),'TABLAS VALORACIÓN'!$Y$6,IF(OR(Q28=8,Q28=9,Q28=10),'TABLAS VALORACIÓN'!$Y$5))))) -> Riesgo Bajo | S28: SI | T28: Contratista | U28: Etapa Ejecución de Obras | V28: Etapa Ejecución de Obras | W28: Verificacion de los informes de interventoria, visitas a los proyectos. | X28: Semanal
B29: 23 | C29: General | D29: Externo | E29: Ejecución | F29: Riesgos Operacionales | G29: No obtención del objeto del contrato como consecuencia de la existencia de inadecuados procesos, procedimientos, parámetros, sistemas de información y tecnológicos por parte del oferente | H29: El oferente tiene a su cargo asumir a su costo y riesgo el cumplimiento de los procesos, procedimientos, parámetros, sistemas de información y tecnológicos y cualquier efecto negativo derivado de fallas en los mismos que afecten el cumplimiento del objeto del contrato. | I29: 3=Posible | J29: 3= Moderado | K29: =IFERROR(MID(I29,1,1)+MID(J29,1,1),"") -> 6 | L29: =IF(K29="","",IF(OR(K29=2,K29=3,K29=4),'TABLAS VALORACIÓN'!$Y$8,IF(K29=5,'TABLAS VALORACIÓN'!$Y$7,IF(OR(K29=6,K29=7),'TABLAS VALORACIÓN'!$Y$6,IF(OR(K29=8,K29=9,K29=10),'TABLAS VALORACIÓN'!$Y$5))))) -> Riesgo Alto | M29: Contratista | N29: Reducir las consecuencias a través de planes de contingencia | O29: 2=Improbable | P29: 2= Menor | Q29: =IFERROR(MID(O29,1,1)+MID(P29,1,1),"") -> 4 | R29: =IF(Q29="","",IF(OR(Q29=2,Q29=3,Q29=4),'TABLAS VALORACIÓN'!$Y$8,IF(Q29=5,'TABLAS VALORACIÓN'!$Y$7,IF(OR(Q29=6,Q29=7),'TABLAS VALORACIÓN'!$Y$6,IF(OR(Q29=8,Q29=9,Q29=10),'TABLAS VALORACIÓN'!$Y$5))))) -> Riesgo Bajo | S29: SI | T29: Contratista | U29: Etapa Ejecución de Obras | V29: Etapa Ejecución de Obras | W29: Verificacion de los informes de interventoria, visitas a los proyectos. | X29: Semanal
B30: 25 | C30: Específico | D30: Externo | E30: Ejecución | F30: Riesgos Operacionales | G30: Mayor costo por mayor valor de adquisición, mantenimiento o reposición de los equipos | H30: Incremento en el costo de los bienes adquiridos y/o de servicios subcontratados por el oferente, así como su mantenimiento o reposición. | I30: 2=Improbable | J30: 3= Moderado | K30: =IFERROR(MID(I30,1,1)+MID(J30,1,1),"") -> 5 | L30: =IF(K30="","",IF(OR(K30=2,K30=3,K30=4),'TABLAS VALORACIÓN'!$Y$8,IF(K30=5,'TABLAS VALORACIÓN'!$Y$7,IF(OR(K30=6,K30=7),'TABLAS VALORACIÓN'!$Y$6,IF(OR(K30=8,K30=9,K30=10),'TABLAS VALORACIÓN'!$Y$5))))) -> Riesgo Medio | M30: Contratista | N30: Analizar las consecuencias en el incremento de los precios y mitigar a través de planes de contingencia, sustentando la situacion por el cambio de los costos estimados por factores externos. | O30: 2=Improbable | P30: 2= Menor | Q30: =IFERROR(MID(O30,1,1)+MID(P30,1,1),"") -> 4 | R30: =IF(Q30="","",IF(OR(Q30=2,Q30=3,Q30=4),'TABLAS VALORACIÓN'!$Y$8,IF(Q30=5,'TABLAS VALORACIÓN'!$Y$7,IF(OR(Q30=6,Q30=7),'TABLAS VALORACIÓN'!$Y$6,IF(OR(Q30=8,Q30=9,Q30=10),'TABLAS VALORACIÓN'!$Y$5))))) -> Riesgo Bajo | S30: SI | T30: Contratista | U30: Etapa Ejecución de Obras | V30: Etapa Ejecución de Obras | W30: Verificacion de los informes de interventoria, visitas a los proyectos. | X30: Semanal
B31: 26 | C31: Específico | D31: Externo | E31: Ejecución | F31: Riesgos Operacionales | G31: Sobrecostos en el personal administrativo para la verificación y seguimiento del proyecto | H31: El oferente tiene a su cargo asumir bajo su costo y riesgo todos los gastos necesarios para disponer del personal requerido en las dedicaciones estipulados. | I31: 2=Improbable | J31: 3= Moderado | K31: =IFERROR(MID(I31,1,1)+MID(J31,1,1),"") -> 5 | L31: =IF(K31="","",IF(OR(K31=2,K31=3,K31=4),'TABLAS VALORACIÓN'!$Y$8,IF(K31=5,'TABLAS VALORACIÓN'!$Y$7,IF(OR(K31=6,K31=7),'TABLAS VALORACIÓN'!$Y$6,IF(OR(K31=8,K31=9,K31=10),'TABLAS VALORACIÓN'!$Y$5))))) -> Riesgo Medio | M31: Contratista | N31: Analizar las consecuencias en el incremento de los precios y mitigar a través de planes de contingencia. | O31: 2=Improbable | P31: 2= Menor | Q31: =IFERROR(MID(O31,1,1)+MID(P31,1,1),"") -> 4 | R31: =IF(Q31="","",IF(OR(Q31=2,Q31=3,Q31=4),'TABLAS VALORACIÓN'!$Y$8,IF(Q31=5,'TABLAS VALORACIÓN'!$Y$7,IF(OR(Q31=6,Q31=7),'TABLAS VALORACIÓN'!$Y$6,IF(OR(Q31=8,Q31=9,Q31=10),'TABLAS VALORACIÓN'!$Y$5))))) -> Riesgo Bajo | S31: SI | T31: Contratista | U31: Etapa Ejecución de Obras | V31: Etapa Ejecución de Obras | W31: Verificacion de los informes de interventoria, visitas a los proyectos. | X31: Semanal
B32: 28 | C32: Específico | D32: Interno | E32: Ejecución | F32: Riesgos Operacionales | G32: Demora en la respuesta por parte del contratista para requerimientos simultaneos en distintos sitios del departamento. | H32: Afectación y/o suspensión de la prestacion del servicio ICBF. | I32: 3=Posible | J32: 3= Moderado | K32: =IFERROR(MID(I32,1,1)+MID(J32,1,1),"") -> 6 | L32: =IF(K32="","",IF(OR(K32=2,K32=3,K32=4),'TABLAS VALORACIÓN'!$Y$8,IF(K32=5,'TABLAS VALORACIÓN'!$Y$7,IF(OR(K32=6,K32=7),'TABLAS VALORACIÓN'!$Y$6,IF(OR(K32=8,K32=9,K32=10),'TABLAS VALORACIÓN'!$Y$5))))) -> Riesgo Alto | M32: Contratista | N32: Seguimiento a la disponibilidad presupuestal, tecnica y humana presentada por el contratista en el proceso de selección del contrato, específicamente en lo relacionado con los tiempos de respuesta establecidos en las propuestas | O32: 2=Improbable | P32: 2= Menor | Q32: =IFERROR(MID(O32,1,1)+MID(P32,1,1),"") -> 4 | R32: =IF(Q32="","",IF(OR(Q32=2,Q32=3,Q32=4),'TABLAS VALORACIÓN'!$Y$8,IF(Q32=5,'TABLAS VALORACIÓN'!$Y$7,IF(OR(Q32=6,Q32=7),'TABLAS VALORACIÓN'!$Y$6,IF(OR(Q32=8,Q32=9,Q32=10),'TABLAS VALORACIÓN'!$Y$5))))) -> Riesgo Bajo | S32: SI | T32: Contratista | U32: Etapa Ejecución de Obras | V32: Etapa Ejecución de Obras | W32: Verificacion de los informes de interventoria, visitas a los proyectos, requerimientos enviados por las Regionales. | X32: Semanal
B33: 29 | C33: Específico | D33: Externo | E33: Ejecución | F33: Riesgos Operacionales | G33: Deficit en las Cargas Electricas, Presion de Agua Potable y/o Gas requeridas por los equipos y herramientas utilizadas por el contratista para el optimo desarrollo del contrato. | H33: Demoras en la adecuacion integral requerida por el ICBF. | I33: 3=Posible | J33: 3= Moderado | K33: =IFERROR(MID(I33,1,1)+MID(J33,1,1),"") -> 6 | L33: =IF(K33="","",IF(OR(K33=2,K33=3,K33=4),'TABLAS VALORACIÓN'!$Y$8,IF(K33=5,'TABLAS VALORACIÓN'!$Y$7,IF(OR(K33=6,K33=7),'TABLAS VALORACIÓN'!$Y$6,IF(OR(K33=8,K33=9,K33=10),'TABLAS VALORACIÓN'!$Y$5))))) -> Riesgo Alto | M33: Contratista | N33: Reducir las consecuencias a través de planes de contingencia presentados por el contratista. | O33: 2=Improbable | P33: 3= Moderado | Q33: =IFERROR(MID(O33,1,1)+MID(P33,1,1),"") -> 5 | R33: =IF(Q33="","",IF(OR(Q33=2,Q33=3,Q33=4),'TABLAS VALORACIÓN'!$Y$8,IF(Q33=5,'TABLAS VALORACIÓN'!$Y$7,IF(OR(Q33=6,Q33=7),'TABLAS VALORACIÓN'!$Y$6,IF(OR(Q33=8,Q33=9,Q33=10),'TABLAS VALORACIÓN'!$Y$5))))) -> Riesgo Medio | S33: SI | T33: Dirección Regional Atlántico-ICBF Contratistas | U33: Etapa Ejecución de Obras | V33: Etapa Ejecución de Obras | W33: Verificacion de los informes de interventoria, visitas a los proyectos, requerimientos enviados por las Regionales. | X33: Semanal
B34: 32 | C34: Específico | D34: Interno | E34: Planeación | F34: Riesgos Operacionales | G34: Modificación de las especificaciones técnicas | H34: Modificación del proceso contractual | I34: 3=Posible | J34: 5= Catastrófico | K34: =IFERROR(MID(I34,1,1)+MID(J34,1,1),"") -> 8 | L34: =IF(K34="","",IF(OR(K34=2,K34=3,K34=4),'TABLAS VALORACIÓN'!$Y$8,IF(K34=5,'TABLAS VALORACIÓN'!$Y$7,IF(OR(K34=6,K34=7),'TABLAS VALORACIÓN'!$Y$6,IF(OR(K34=8,K34=9,K34=10),'TABLAS VALORACIÓN'!$Y$5))))) -> Riesgo Extremo | M34: Contratista | N34: Evitar el riesgo aplicando rigurosamente el principio de planeacion contractual | O34: 2=Improbable | P34: 3= Moderado | Q34: =IFERROR(MID(O34,1,1)+MID(P34,1,1),"") -> 5 | R34: =IF(Q34="","",IF(OR(Q34=2,Q34=3,Q34=4),'TABLAS VALORACIÓN'!$Y$8,IF(Q34=5,'TABLAS VALORACIÓN'!$Y$7,IF(OR(Q34=6,Q34=7),'TABLAS VALORACIÓN'!$Y$6,IF(OR(Q34=8,Q34=9,Q34=10),'TABLAS VALORACIÓN'!$Y$5))))) -> Riesgo Medio | S34: SI | T34: Contratista | U34: Etapa Contractual | V34: Etapa Contractual | W34: Verificacion de los informes de interventoria, visitas a los proyectos. | X34: Semanal
B35: 33 | C35: General | D35: Externo | E35: Ejecución | F35: Riesgos Económicos | G35: Riesgo de suspensión de contrato por problemas de orden público | H35: Modificación del proceso contractual y aumentos en los costos | I35: 4=Probable | J35: 4= Mayor | K35: =IFERROR(MID(I35,1,1)+MID(J35,1,1),"") -> 8 | L35: =IF(K35="","",IF(OR(K35=2,K35=3,K35=4),'TABLAS VALORACIÓN'!$Y$8,IF(K35=5,'TABLAS VALORACIÓN'!$Y$7,IF(OR(K35=6,K35=7),'TABLAS VALORACIÓN'!$Y$6,IF(OR(K35=8,K35=9,K35=10),'TABLAS VALORACIÓN'!$Y$5))))) -> Riesgo Extremo | M35: Dirección Regional Atlántico-ICBF Contratistas | N35: Analizar las consecuencias en el incremento de los precios y mitigar a través de planes de contingencia, sustentando la situacion por el cambio de los costos estimados por factores externos. Reducir las consecuencias a través de planes de contingencia presentados por el contratista. | O35: 1=Raro | P35: 2= Menor | Q35: =IFERROR(MID(O35,1,1)+MID(P35,1,1),"") -> 3 | R35: =IF(Q35="","",IF(OR(Q35=2,Q35=3,Q35=4),'TABLAS VALORACIÓN'!$Y$8,IF(Q35=5,'TABLAS VALORACIÓN'!$Y$7,IF(OR(Q35=6,Q35=7),'TABLAS VALORACIÓN'!$Y$6,IF(OR(Q35=8,Q35=9,Q35=10),'TABLAS VALORACIÓN'!$Y$5))))) -> Riesgo Bajo | S35: SI | T35: Dirección Regional Atlántico-ICBF Contratistas | U35: Etapa Ejecución de Obras | V35: Etapa Ejecución de Obras | W35: Verificacion de los informes de interventoria. | X35: Por ocurrencia.

Sheet TABLAS VALORACIÓN
A1: TABLAS PARA VALORACIÓN DE RIESGO SEGÚN METODOLOGÍA CCE - No imprimir
O2: Valoración del riesgo
C3: Probabilidad del Riesgo | F3: Impacto del riesgo | O3: Impacto | X3: Categoría del riesgo
C4: Categoría | D4: Valoración | F4: Impacto | O4: Clasificación Cualitativa | Q4: Obstruye la ejecución del contrato de manera intrascendente. | R4: Dificulta la ejecución del contrato de manera baja. Aplicando medidas mínimas se puede lograr el objeto contractual. | S4: Afecta la ejecución del contrato sin alterar el beneficio de las partes. | T4: Obstruye la ejecución del contrato sustancialmente per aun así permite la consecución del objeto contractual. | U4: Perturba la ejecución del contrato de manera grave imposibilitando la consecución del objeto contractual. | X4: Valoración del riesgo | Y4: Categoría
B5: Probabilidad | C5: Raro (puede ocurrir excepcionalmente) | D5: 1 | F5: Clasificación Cualitativa | H5: Obstruye la ejecución del contrato de manera intrascendente. | I5: Dificulta la ejecución del contrato de manera baja. Aplicando medidas mínimas se puede lograr el objeto contractual. | J5: Afecta la ejecución del contrato sin alterar el beneficio de las partes. | K5: Obstruye la ejecución del contrato sustancialmente per aun así permite la consecución del objeto contractual. | L5: Perturba la ejecución del contrato de manera grave imposibilitando la consecución del objeto contractual. | O5: Clasificación Monetaria | Q5: Los sobrecostos no representan mpas del uno por ciento (1%) del valor del contrato. | R5: Los sobrecostos no representan más del cinco por ciento (5%) del valor del contrato. | S5: Genera un impacto sobre el valor del contrato entre el cinco (5%) y el quince por ciento (15%). | T5: Incrementa el valor del contrato entre el quince (15%) y el treinta por ciento (30%). | U5: Impacto sobre el valor del contrato de más del treinta por ciento (30%). | X5: 8,9,10 | Y5: Riesgo Extremo
C6: Improbable (puede ocurrir ocasionalmente) | D6: 2 | F6: Clasificación Monetaria | H6: Los sobrecostos no representan mpas del uno por ciento (1%) del valor del contrato. | I6: Los sobrecostos no representan más del cinco por ciento (5%) del valor del contrato. | J6: Genera un impacto sobre el valor del contrato entre el cinco (5%) y el quince por ciento (15%). | K6: Incrementa el valor del contrato entre el quince (15%) y el treinta por ciento (30%). | L6: Impacto sobre el valor del contrato de más del treinta por ciento (30%). | O6: Categoría | P6: Valoración | Q6: Insignificante | R6: Menor | S6: Moderado | T6: Mayor | U6: Catastrófico | X6: 6 Y 7 | Y6: Riesgo Alto
C7: Posible (puede ocurrir en cualquier momento futuro) | D7: 3 | F7: Categoría | G7: Valoración | H7: Insignificante | I7: Menor | J7: Moderado | K7: Mayor | L7: Catastrófico | Q7: 1 | R7: 2 | S7: 3 | T7: 4 | U7: 5 | X7: 5 | Y7: Riesgo Medio
C8: Probable (probablemente va a ocurrir) | D8: 4 | H8: 1 | I8: 2 | J8: 3 | K8: 4 | L8: 5 | N8: Probabilidad | O8: Raro (puede ocurrir excepcionalmente) | P8: 1 | Q8: 2 | R8: 3 | S8: 4 | T8: 5 | U8: 6 | X8: 2,3 Y 4 | Y8: Riesgo Bajo
C9: Casi cierto (ocurre en la mayoría de circunstancias) | D9: 5 | O9: Improbable (puede ocurrir ocasionalmente) | P9: 2 | Q9: 3 | R9: 4 | S9: 5 | T9: 6 | U9: 7
O10: Posible (puede ocurrir en cualquier momento futuro) | P10: 3 | Q10: 4 | R10: 5 | S10: 6 | T10: 7 | U10: 8
B11: Fuente: Agencia Nacional para la Contratación Pública – Colombia Compra Eficiente, http://www.colombiacompra.gov.co/es/manuales-y-documentos-tipo, disponible en internet, fecha de consulta 23 de enero de 2016. | O11: Probable (probablemente va a ocurrir) | P11: 4 | Q11: 5 | R11: 6 | S11: 7 | T11: 8 | U11: 9
O12: Casi cierto (ocurre en la mayoría de circunstancias) | P12: 5 | Q12: 6 | R12: 7 | S12: 8 | T12: 9 | U12: 10
C15: CLASE | D15: FUENTE | E15: ETAPA | F15: TIPO | G15: PROBABILIDAD | H15: IMPACTO | I15: ¿A quién se le asigna?
C16: General | D16: Interno | E16: Planeación | F16: Riesgos Económicos | G16: 1=Raro | H16: 1= Insignificante | I16: ICBF
C17: Específico | D17: Externo | E17: Selección | F17: Riesgos Sociales o Políticos | G17: 2=Improbable | H17: 2= Menor | I17: Contratista
E18: Contratación | F18: Riesgos Operacionales | G18: 3=Posible | H18: 3= Moderado
E19: Ejecución | F19: Riesgos Financieros | G19: 4=Probable | H19: 4= Mayor
F20: Riesgos Regulatorios | G20: 5=Casi cierto | H20: 5= Catastrófico
F21: Riesgos de la Naturaleza
F22: Riesgos Ambientales
F23: Riesgos Tecnológicos
